 Dungeon Crawl Stone Soup version 0.30-a0-439-g9e77e4d916 (webtiles) character file.

Game seed: 3234025115468973486

553 Emberiza the Magician (level 7, -3/45 HPs)
             Began as a Djinni Fire Elementalist on Dec 10, 2022.
             Killed themself with a badly aimed concussive blast (5 damage)
             ... on level 4 of the Dungeon.
             The game lasted 00:07:01 (2950 turns).

Emberiza the Magician (Djinni Fire Elementalist)    Turns: 2950, Time: 00:07:02

Health: -3/45      AC:  3    Str:  7    XL:     7   Next: 55%
Gold:   189        EV: 13    Int: 19    God:
                   SH:  0    Dex: 13

rFire   + + .      SeeInvis .    d - staff of cold
rCold   . . .      Faith    .    (no shield)
rNeg    . . .      Spirit   .    a - +0 robe
rPois   ∞          Reflect  .    (no helmet)
rElec   .          Harm     .    (no cloak)
rCorr   .          Rampage  .    r - +0 pair of gloves
Will    .....                    (boots unavailable)
Stlth   ++........               (no amulet)
HPRegen 0.27/turn                (no ring)
MPRegen 0.00/turn                (no ring)

@: flying
A: sickness immunity, fire resistance 2, cold vulnerability 1, float, innate
caster, HP casting, extra vitality 1
a: no special abilities


You were on level 4 of the Dungeon.
You visited 1 branch of the dungeon, and saw 4 of its levels.

You collected 189 gold pieces.

Inventory:

Missiles
 k - a throwing net
Armour
 a - a +0 robe (worn)
 r - a +0 pair of gloves (worn)
Magical Staves
 d - a staff of cold (weapon)
Wands
 n - a wand of polymorph (4)
Scrolls
 b - a scroll of fear {unknown}
 c - 2 scrolls of enchant weapon {unknown}
 f - a scroll of poison {unknown}
 g - a scroll of fog {unknown}
 i - a scroll of brand weapon {unknown}
 m - a scroll of noise {unknown}
 p - a scroll of identify {unknown}
Potions
 e - a potion of heal wounds {unknown}
 h - a potion of berserk rage {unknown}
 j - 2 potions of haste {unknown}
 l - 2 potions of brilliance {unknown}
 o - a potion of lignification {unknown}
 q - a potion of cancellation {unknown}


   Skills:
 - Level 4.1 Dodging
 - Level 3.2 Stealth
 + Level 4.5 Spellcasting
 + Level 3.0 Evocations


You couldn't memorise any spells.
You knew the following spells:

 Your Spells              Type           Power      Damage    Failure   Level
a - Foxfire               Conj/Fire      84%        2x1d8     1%          1
b - Scorch                Fire           42%        2d7       3%          2
c - Kindle Blastsparks    Fire/Tloc/Air  42%        2d13      6%          3
d - Inner Flame           Hex/Fire       21%        N/A       6%          3
e - Flame Wave            Conj/Fire      21%        2d8       21%         4
f - Beastly Appendage     Tmut           42%        N/A       1%          1
g - Static Discharge      Conj/Air       42%        2-4/arc   3%          2
h - Confusing Touch       Hex            21%        N/A       6%          3
Your spell library was empty.

Dungeon Overview and Level Annotations

Branches:
Dungeon (4/15)
 Temple: D:4-7

Altars:
Hepliaklqana

Annotations:
D:3 2 transporters, crabbyslav's ghost, weakling DrWr
D:4 3 runed translucent doors


Innate Abilities, Weirdness & Mutations

You are immune to sickness and miasma.
You are immune to poison.
Your flesh is very heat resistant. (rF++)
You are vulnerable to cold. (rC-)
You float through the air rather than walking.
You learn spells naturally, not from books.
Your magical power is your life essence.
You have superior vitality. (+4 MHP)


Message History

The orc is moderately wounded.
The orc's fire resistance burns away.
The foxfire hits the orc!
The orc is burned terribly!
You kill the orc!
Your Evocations skill increases to level 3!
A wyvern comes into view.
Casting: Scorch (safe; 3% risk of failure)
Confirm with . or Enter, or press ? or * to list all spells.
Flames lash the wyvern.
The wyvern hisses angrily.
The wyvern is lightly wounded.
The wyvern's fire resistance burns away.
An orc wizard comes into view. It is wielding a +0 dagger.
Casting: Scorch (safe; 3% risk of failure)
Confirm with . or Enter, or press ? or * to list all spells.
Flames lash the wyvern.
The wyvern is burned terribly!
The wyvern is heavily wounded.
The orc wizard shouts!
The wyvern bites you!
* * * LOW HITPOINT WARNING * * *
The orc wizard gestures wildly while chanting.
The orc wizard flickers and vanishes!
Deactivating autopickup; reactivate with Ctrl-A.
The wyvern misses you. The wyvern attacks as you move away!
The wyvern bites you!
* * * LOW HITPOINT WARNING * * *
The wyvern bites you.
* * * LOW HITPOINT WARNING * * *
There is an open door here.
Casting: Scorch (safe; 3% risk of failure)
Confirm with . or Enter, or press ? or * to list all spells.
A cloud of volatile blastsparks flares up around you!
* * * LOW HITPOINT WARNING * * *
The wyvern barely misses you.
The cloud of blastsparks explodes!
The concussive blast engulfs the wyvern!!
The wyvern is burned terribly!
The wyvern is almost dead.
The concussive blast engulfs you. You resist.
You die...

... .## ### ..# .#
)8##.# #.# ...# .8#.#
#.# ...(+ )+.# #.# ....
+.# #.# ..# # #.# #.#
#####.##.# ##.###.#
.......... #@.....#
##.#..# #l###..# .....#
#.#.##.# ##.#.#
##.#†#.# .<...# ###.#.#
####.# )#.# #†# {#.#
#.## #### ##.#
####.)######..######..#


You could see a wyvern (combustible).

Vanquished Creatures
  Sigmund (D:2)
  Pargi (D:3)
  A scorpion (D:4)
  A jelly (D:4)
  An orc priest (D:3)
  Terence (D:3)
  4 gnolls
  5 adders
  A dart slug (D:2)
  8 orcs
  5 bats
  9 endoplasms
  A giant cockroach (D:2)
  4 goblins
  6 hobgoblins
  8 jackals
  3 quokkas
  6 ball pythons
  2 frilled lizards (D:1)
  4 kobolds
  2 rats
74 creatures vanquished.

Vanquished Creatures (others)
  285 foxfires
285 creatures vanquished.

Grand Total: 359 creatures vanquished

Notes
Turn   | Place    | Note
-------+----------+-------------------------------------------
     0 | D:1      | Emberiza the Djinni Fire Elementalist began the quest for
                  | the Orb.
     0 | D:1      | Emberiza set off with the following spells memorised:
                  | Foxfire, Scorch, Kindle Blastsparks, Inner Flame, Flame
                  | Wave.
     0 | D:1      | Reached XP level 1. HP: 15/15 MP: 0/0
   159 | D:1      | Reached XP level 2. HP: 18/21 MP: 0/0
   527 | D:1      | Reached XP level 3. HP: 21/25 MP: 0/0
   527 | D:1      | Learned a level 1 spell: Beastly Appendage
  1083 | D:2      | Found a hazy altar of Hepliaklqana.
  1141 | D:2      | Reached XP level 4. HP: 26/31 MP: 0/0
  1252 | D:2      | Noticed Sigmund
  1264 | D:2      | Killed Sigmund
  1265 | D:2      | Reached XP level 5. HP: 28/35 MP: 0/0
  1265 | D:2      | Learned a level 2 spell: Static Discharge
  1265 | D:2      | Reached XP level 6. HP: 32/40 MP: 0/0
  1735 | D:3      | Noticed Terence
  1808 | D:3      | Killed Terence
  1916 | D:3      | Noticed Pargi
  1929 | D:3      | Killed Pargi
  1930 | D:3      | Reached skill level 1 in Evocations
  1930 | D:3      | Reached XP level 7. HP: 35/45 MP: 0/0
  1930 | D:3      | Learned a level 3 spell: Confusing Touch
  1976 | D:3      | Found a transporter.
  1982 | D:3      | Noticed crabbyslav's ghost (weakling DrWr)
  1989 | D:3      | Found a transporter.
  2806 | D:4      | Found a large runed translucent door.
  2918 | D:4      | Found a large runed translucent door.
  2918 | D:4      | Found a large runed translucent door.
  2942 | D:4      | Noticed a wyvern
  2950 | D:4      | Killed themself with a badly aimed concussive blast

Illustrated notes

Levels and vault maps discovered:
D:1:      lightli_arrival_maybe_door_vault, layout_basic
D:2:      layout_rooms, basic_altar, chequers_jeans, hangedman_decor_growths,
          uniq_sigmund
D:3:      layout_loops_cross, gammafunk_ghost_arena, uniq_terence, uniq_pargi
D:4:      layout_loops_ring, lemuel_doored_altar, minmay_hollow_rounded_squares

Skill      XL: |  1  2  3  4  5  6  7 |
---------------+----------------------+-----
Stealth        | 2 3 |  3.2
Dodging        | 3 4 |  4.1
Spellcasting   | 3 4 |  4.5
Evocations     | 1 3 |  3.0

Action                   |  1- 3 |  4- 6 |  7- 9 || total
-------------------------+-------+-------+-------++-------
Melee: Staff             |     1 |       |       ||     1
       Unarmed           |       |     2 |       ||     2
 Cast: Foxfire           |    80 |    59 |    50 ||   189
       Scorch            |     2 |     9 |    14 ||    25
       Inner Flame       |       |       |     2 ||     2
       Kindle Blastspark |       |       |     1 ||     1
Armor: Robe              |     2 |     2 |     1 ||     5
       Skin              |       |     2 |       ||     2
Dodge: Dodged            |     9 |    10 |     9 ||    28

Table legend: (Time is in decaauts)
 A = Elapsed time spent in this place.
 B = Non-inter-level travel time spent in this place.
 C = Inter-level travel time spent in this place.
 D = Time resting spent in this place.
 E = Time spent auto-exploring this place.
 F = Levels seen in this place.
 G = Mean time per level.
                   A        B        C        D        E       F      G
               +--------+--------+--------+--------+--------+-----+--------+
         Total |   2936 |   2850 |     86 |      0 |   2317 |   4 |  734.0 |
       Dungeon |   2936 |   2850 |     86 |      0 |   2317 |   4 |  734.0 |
               +--------+--------+--------+--------+--------+-----+--------+

Top non-repeatable levels by time:
     D:3: 1077 daAuts
     D:1: 943 daAuts
     D:2: 767 daAuts
     D:4: 147 daAuts
